TOP OF THE 1ST |
Rocky Mountain Nuggets batting - Pitching for Austin Tidal Waves : LHP Will Savage
|
Pitching: LHP Will Savage
|
|
Batting: RHB Mark O'Monaghan
|
0-0: Ball 1-0: Foul Ball, location: 2F 1-1: DOUBLE (Line Drive, 78XD)
|
Batting: RHB Mark Melton
|
0-0: Ball 1-0: Foul Ball, location: 2F 1-1: Ball 2-1: Called Strike 2-2: Fly out, F8 (Flyball, 8RS)
|
Batting: RHB David Verhoeve
|
0-0: Called Strike 0-1: Called Strike Mark O'Monaghan steals 3rd base 0-2: Ball 1-2: Ball 2-2: SINGLE (Groundball, 6D) Mark O'Monaghan scores
|
Batting: RHB Juan Ávila
|
0-0: Ball 1-0: Grounds into double play, 6-4-3 (Groundball, 6M)
|
Top of the 1st over - 1 run(s), 2 hit(s), 0 error(s), 0 left on base; Rocky Mountain 1 - Austin 0 |
BOTTOM OF THE 1ST |
Austin Tidal Waves batting - Pitching for Rocky Mountain Nuggets : RHP Hunter Wilson
|
Pitching: RHP Hunter Wilson
|
|
Batting: RHB Joaquín Parra
|
0-0: SINGLE (Line Drive, 89S)
|
Batting: RHB Juan Alvarado
|
0-0: Ball 1-0: Ball 2-0: Ball 3-0: Called Strike 3-1: Base on Balls Joaquín Parra to second
|
Batting: LHB Trent Kershaw
|
0-0: Called Strike 0-1: DOUBLE (Line Drive, 9LM) Joaquín Parra scores Juan Alvarado to third
|
Batting: RHB George McDonald
|
0-0: Ball 1-0: Swinging Strike 1-1: Foul Ball, location: 2F 1-2: Foul Ball, location: 2F 1-2: Ball 2-2: Strikes out looking
|
Batting: LHB Jon MacIntyre
|
0-0: Called Strike 0-1: Ball 1-1: Swinging Strike 1-2: SINGLE (Line Drive, 8RS) Juan Alvarado scores Trent Kershaw to third Runner from 3rd tries for Home, SAFE, no throw or cutoff
|
Batting: LHB James Murray
|
0-0: Called Strike 0-1: Foul Ball, location: 2F 0-2: SINGLE (Line Drive, 78S) Jon MacIntyre to second
|
Batting: RHB Florian Cesaresco
|
0-0: Grounds into double play, 1-4-3 (Groundball, 15S)
|
Bottom of the 1st over - 3 run(s), 4 hit(s), 0 error(s), 1 left on base; Rocky Mountain 1 - Austin 3 |
TOP OF THE 2ND |
Rocky Mountain Nuggets batting - Pitching for Austin Tidal Waves : LHP Will Savage
|
Batting: RHB Michael Riley
|
0-0: Ground out 5-3 (Groundball, 56S)
|
Batting: RHB Paul Smith
|
0-0: Ball 1-0: Swinging Strike 1-1: Called Strike 1-2: Foul Ball, location: 2F 1-2: DOUBLE (Line Drive, 78D)
|
Batting: SHB Jorge Colomo
|
0-0: Ball 1-0: Foul Ball, location: 2F 1-1: Called Strike 1-2: Strikes out swinging
|
Batting: RHB Xie-li Kan
|
0-0: Foul Ball, location: 2F 0-1: Ground out 5-3 (Groundball, 5)
|
Top of the 2nd over - 0 run(s), 1 hit(s), 0 error(s), 1 left on base; Rocky Mountain 1 - Austin 3 |
BOTTOM OF THE 2ND |
Austin Tidal Waves batting - Pitching for Rocky Mountain Nuggets : RHP Hunter Wilson
|
Batting: LHB Adrián Rodríguez
|
0-0: Called Strike 0-1: Called Strike 0-2: Ball 1-2: Ball 2-2: Foul Ball, location: 2F 2-2: Ball 3-2: Ground out 4-3 (Groundball, 34)
|
Batting: LHB Will Savage
|
0-0: Called Strike 0-1: Called Strike 0-2: Foul Ball, location: 2F 0-2: Ball 1-2: Fly out, F6 (Popup, 6)
|
Batting: RHB Joaquín Parra
|
0-0: Ground out 4-3 (Groundball, 34)
|
Bottom of the 2nd over - 0 run(s), 0 hit(s), 0 error(s), 0 left on base; Rocky Mountain 1 - Austin 3 |
TOP OF THE 3RD |
Rocky Mountain Nuggets batting - Pitching for Austin Tidal Waves : LHP Will Savage
|
Batting: RHB Hunter Wilson
|
0-0: Called Strike 0-1: Foul Ball, location: 2F 0-2: Ball 1-2: Strikes out swinging
|
Batting: RHB Mark O'Monaghan
|
0-0: Ball 1-0: Ball 2-0: DOUBLE (Line Drive, 8RM)
|
Batting: RHB Mark Melton
|
0-0: Ball 1-0: Ball 2-0: Ball 3-0: Called Strike 3-1: Base on Balls
|
Batting: RHB David Verhoeve
|
0-0: Ball Throwing error on steal attempt, E2 Mark O'Monaghan scores Mark Melton to third 1-0: Ground out 6-3 (Groundball, 6M) Mark Melton scores
|
Batting: RHB Juan Ávila
|
0-0: Ground out 5-3 (Groundball, 5L)
|
Top of the 3rd over - 2 run(s), 1 hit(s), 1 error(s), 0 left on base; Rocky Mountain 3 - Austin 3 |
BOTTOM OF THE 3RD |
Austin Tidal Waves batting - Pitching for Rocky Mountain Nuggets : RHP Hunter Wilson
|
Batting: RHB Juan Alvarado
|
0-0: Called Strike 0-1: Ball 1-1: Ball 2-1: Called Strike 2-2: Fly out, F8 (Flyball, 8RXD)
|
Batting: LHB Trent Kershaw
|
0-0: Ball 1-0: Ball 2-0: Called Strike 2-1: Ball 3-1: SINGLE (Line Drive, 4MD)
|
Batting: RHB George McDonald
|
0-0: Ball 1-0: Called Strike 1-1: Fly out, F8 (Flyball, 8RD)
|
Batting: LHB Jon MacIntyre
|
0-0: Ball Wild Pitch! Trent Kershaw to second 1-0: SINGLE (Line Drive, 9LS) Trent Kershaw to third Runner from 3rd tries for Home, SAFE, no throw or cutoff
|
Batting: LHB James Murray
|
0-0: Ball 1-0: Ball 2-0: Ball 3-0: Base on Balls Jon MacIntyre to second
|
Batting: RHB Florian Cesaresco
|
0-0: Ball 1-0: Ball 2-0: Ground out 5-3 (Groundball, 56)
|
Bottom of the 3rd over - 1 run(s), 2 hit(s), 0 error(s), 2 left on base; Rocky Mountain 3 - Austin 4 |
TOP OF THE 4TH |
Rocky Mountain Nuggets batting - Pitching for Austin Tidal Waves : LHP Will Savage
|
Batting: RHB Michael Riley
|
0-0: Called Strike 0-1: Ball 1-1: Swinging Strike 1-2: Foul Ball, location: 2F 1-2: Ball 2-2: SINGLE (Line Drive, 7S)
|
Batting: RHB Paul Smith
|
0-0: Called Strike 0-1: Ball 1-1: Ball 2-1: Ball 3-1: Foul Ball, location: 2F 3-2: Grounds into double play, 6-4-3 (Groundball, 6)
|
Batting: SHB Jorge Colomo
|
0-0: Foul Ball, location: 2F 0-1: SINGLE (Line Drive, 7S)
|
Batting: RHB Xie-li Kan
|
0-0: Called Strike 0-1: Swinging Strike 0-2: Ball 1-2: Fielders Choice at 2nd, 6-4 (Groundball, 6)
|
Top of the 4th over - 0 run(s), 2 hit(s), 0 error(s), 0 left on base; Rocky Mountain 3 - Austin 4 |
BOTTOM OF THE 4TH |
Austin Tidal Waves batting - Pitching for Rocky Mountain Nuggets : RHP Hunter Wilson
|
Batting: LHB Adrián Rodríguez
|
0-0: Ball 1-0: Ground out 1-3 (Groundball, 15)
|
Pinch Hitting: RHB António Sánchez
|
0-0: Ball 1-0: Foul Ball, location: 2F 1-1: Ground out 5-3 (Groundball, 56)
|
Batting: RHB Joaquín Parra
|
0-0: SINGLE (Groundball, 4M)
|
Batting: RHB Juan Alvarado
|
0-0: Ball 1-0: Called Strike 1-1: Ball 2-1: Foul Ball, location: 2F 2-2: Ball 3-2: Strikes out looking
|
Bottom of the 4th over - 0 run(s), 1 hit(s), 0 error(s), 1 left on base; Rocky Mountain 3 - Austin 4 |
TOP OF THE 5TH |
Rocky Mountain Nuggets batting - Pitching for Austin Tidal Waves : LHP Will Savage
|
Pitching: RHP Bill Jensen
|
|
Pinch Hitting: LHB Jason Potter
|
0-0: Ball 1-0: Ball 2-0: Ball 3-0: Base on Balls
|
Batting: RHB Mark O'Monaghan
|
0-0: Called Strike 0-1: Fielders Choice at 2nd, 2-4 (Groundball, 2R)
|
Batting: RHB Mark Melton
|
0-0: Ball 1-0: Ball 2-0: Swinging Strike 2-1: Reached on error, E5 (Groundball, 5) Mark O'Monaghan to third
|
Batting: RHB David Verhoeve
|
0-0: Ball 1-0: Ball 2-0: Hit by Pitch
|
Batting: RHB Juan Ávila
|
0-0: Ball 1-0: Ball 2-0: Ball 3-0: Swinging Strike 3-1: Base on Balls Mark O'Monaghan scores Mark Melton to third David Verhoeve to second
|
Batting: RHB Michael Riley
|
0-0: Called Strike 0-1: Foul Ball, location: 2F 0-2: Grounds into double play, 6-4-3 (Groundball, 6)
|
Top of the 5th over - 1 run(s), 0 hit(s), 1 error(s), 2 left on base; Rocky Mountain 4 - Austin 4 |
BOTTOM OF THE 5TH |
Austin Tidal Waves batting - Pitching for Rocky Mountain Nuggets : RHP Hunter Wilson
|
Pitching: RHP Ramón Tovar
|
|
Batting: LHB Trent Kershaw
|
0-0: Ball 1-0: DOUBLE (Line Drive, 5L)
|
Batting: RHB George McDonald
|
0-0: 2-RUN HOME RUN (Flyball, 7LD), Distance : 370 ft
|
Batting: LHB Jon MacIntyre
|
0-0: Foul Ball, location: 2F 0-1: Fly out, F8 (Flyball, 8LM)
|
Batting: LHB James Murray
|
0-0: SINGLE (Groundball, 34D)
|
Batting: RHB Florian Cesaresco
|
0-0: Called Strike 0-1: Called Strike 0-2: Ball 1-2: Ball 2-2: Strikes out swinging
|
Batting: LHB Adrián Rodríguez
|
0-0: Called Strike 0-1: Ball 1-1: Ball 2-1: Foul Ball, location: 2F 2-2: Foul Ball, location: 2F 2-2: Ball 3-2: Ground out 5-3 (Groundball, 6S)
|
Bottom of the 5th over - 2 run(s), 3 hit(s), 0 error(s), 1 left on base; Rocky Mountain 4 - Austin 6 |
TOP OF THE 6TH |
Rocky Mountain Nuggets batting - Pitching for Austin Tidal Waves : RHP Bill Jensen
|
Batting: RHB Paul Smith
|
0-0: Foul Ball, location: 2F 0-1: Ball 1-1: Ground out 6-3 (Groundball, 6)
|
Batting: SHB Jorge Colomo
|
0-0: Called Strike 0-1: SINGLE (Line Drive, 4D)
|
Batting: RHB Xie-li Kan
|
0-0: Called Strike 0-1: SINGLE (Line Drive, 9LS) Jorge Colomo to second
|
Pinch Hitting: LHB Egidio Agnolutto
|
0-0: Ground out U3 (Groundball, 3S) Jorge Colomo to third Xie-li Kan to second
|
Pinch Hitting: LHB Keith McKnight
|
0-0: Ball 1-0: Fly out, F6 (Popup, 6MS)
|
Top of the 6th over - 0 run(s), 2 hit(s), 0 error(s), 2 left on base; Rocky Mountain 4 - Austin 6 |
BOTTOM OF THE 6TH |
Austin Tidal Waves batting - Pitching for Rocky Mountain Nuggets : RHP Ramón Tovar
|
Pitching: LHP Tommy Blevins
|
|
Now at SS: Keith McKnight
|
|
Pinch Hitting: RHB Justin Maldonado
|
0-0: Ball 1-0: Reached on error, E6 (Groundball, 6)
|
Pinch Hitting: RHB Joseph Pate
|
0-0: Sac Bunt - play at first, batter OUT! U3 Justin Maldonado to second
|
Batting: RHB Juan Alvarado
|
0-0: Ball 1-0: Swinging Strike 1-1: Ball 2-1: Ball 3-1: Foul Ball, location: 2F 3-2: Base on Balls
|
Batting: LHB Trent Kershaw
|
0-0: Called Strike 0-1: Swinging Strike 0-2: Fielders Choice at 2nd, 1-6 (Groundball, 13S) Justin Maldonado to third
|
Batting: RHB George McDonald
|
0-0: Ball 1-0: Ball 2-0: Foul Ball, location: 2F 2-1: Foul Ball, location: 2F 2-2: Fly out, F8 (Flyball, 8RM)
|
Bottom of the 6th over - 0 run(s), 0 hit(s), 1 error(s), 2 left on base; Rocky Mountain 4 - Austin 6 |
TOP OF THE 7TH |
Rocky Mountain Nuggets batting - Pitching for Austin Tidal Waves : RHP Bill Jensen
|
Pitching: RHP Luis Fernández
|
|
Now at 3B: Joseph Pate
|
|
Pinch Hitting: LHB George Best
|
0-0: Called Strike 0-1: Ball 1-1: SINGLE (Line Drive, 7S)
|
Pinch Hitting: SHB Jim Morris
|
0-0: Ball 1-0: Ball 2-0: Called Strike 2-1: Ball 3-1: Base on Balls George Best to second
|
Batting: RHB Juan Ávila
|
0-0: Ball 1-0: Ball 2-0: Ball 3-0: Called Strike 3-1: Base on Balls George Best to third Jim Morris to second
|
Batting: RHB Michael Riley
|
0-0: Called Strike 0-1: Ball 1-1: Swinging Strike 1-2: GRAND SLAM HOME RUN (Flyball, 7LD), Distance : 349 ft
|
Pitching: RHP Les Edwards
|
|
Batting: RHB Paul Smith
|
0-0: Fly out, F9 (Popup, 34D)
|
Batting: SHB Jorge Colomo
|
0-0: Ball 1-0: Ball 2-0: Called Strike 2-1: Called Strike 2-2: Ball 3-2: Strikes out swinging
|
Batting: RHB Xie-li Kan
|
0-0: Ball 1-0: Ball 2-0: Ball 3-0: Base on Balls
|
Pinch Hitting: SHB Quan Ge
|
0-0: Ball Xie-li Kan is caught stealing 2nd base
|
Top of the 7th over - 4 run(s), 2 hit(s), 0 error(s), 0 left on base; Rocky Mountain 8 - Austin 6 |
BOTTOM OF THE 7TH |
Austin Tidal Waves batting - Pitching for Rocky Mountain Nuggets : LHP Tommy Blevins
|
Pitching: RHP Juan Carlos Maestas
|
|
Now at 1B: Jim Morris
|
|
Now in LF: George Best
|
|
Batting: LHB Jon MacIntyre
|
0-0: Ball 1-0: Ground out U3 (Groundball, 3L)
|
Batting: LHB James Murray
|
0-0: Ball 1-0: Foul Ball, location: 2F 1-1: Swinging Strike 1-2: SOLO HOME RUN (Flyball, 9LD), Distance : 336 ft
|
Batting: RHB Florian Cesaresco
|
0-0: Ball 1-0: Ball 2-0: Ball 3-0: Called Strike 3-1: Swinging Strike 3-2: Foul Ball, location: 2F 3-2: Base on Balls
|
Batting: LHB Adrián Rodríguez
|
0-0: Called Strike 0-1: Ball 1-1: SINGLE (Line Drive, 8LS) Florian Cesaresco to second
|
Pinch Hitting: RHB Max White
|
0-0: Called Strike 0-1: Called Strike Florian Cesaresco steals 3rd base Adrián Rodríguez to second 0-2: Foul Ball, location: 2F 0-2: Ball 1-2: Ball 2-2: Foul Ball, location: 2F 2-2: Fly out, F7 (Popup, 7S)
|
Batting: RHB Joseph Pate
|
0-0: Ball 1-0: Swinging Strike 1-1: Foul Ball, location: 2F 1-2: Strikes out swinging
|
Bottom of the 7th over - 1 run(s), 2 hit(s), 0 error(s), 2 left on base; Rocky Mountain 8 - Austin 7 |
TOP OF THE 8TH |
Rocky Mountain Nuggets batting - Pitching for Austin Tidal Waves : RHP Les Edwards
|
Pitching: RHP Owen Henderson
|
|
Batting: SHB Juan Carlos Maestas
|
0-0: Ball 1-0: Foul Ball, location: 2F 1-1: Ball 2-1: Foul Ball, location: 2F 2-2: Strikes out swinging
|
Batting: LHB Keith McKnight
|
0-0: Foul Ball, location: 2F 0-1: Ball 1-1: Foul Ball, location: 2F 1-2: Foul Ball, location: 2F 1-2: Ground out 1-3 (Groundball, 13S)
|
Batting: LHB George Best
|
0-0: Ground out U3 (Groundball, 3S)
|
Top of the 8th over - 0 run(s), 0 hit(s), 0 error(s), 0 left on base; Rocky Mountain 8 - Austin 7 |
BOTTOM OF THE 8TH |
Austin Tidal Waves batting - Pitching for Rocky Mountain Nuggets : RHP Juan Carlos Maestas
|
Batting: RHB Juan Alvarado
|
0-0: Fly out, F3 (Line Drive, 3S)
|
Batting: LHB Trent Kershaw
|
0-0: Called Strike 0-1: Ball 1-1: Called Strike 1-2: Ball 2-2: DOUBLE (Line Drive, 7LM)
|
Pitching: RHP Tony Vargas
|
|
Batting: RHB George McDonald
|
0-0: Ball 1-0: Ball 2-0: TRIPLE (Flyball, 89D) Trent Kershaw scores
|
Batting: LHB Jon MacIntyre
|
0-0: Ball 1-0: Called Strike 1-1: Ball 2-1: SINGLE (Groundball, 6MD) George McDonald scores
|
Pitching: LHP Ryan Miller
|
|
Batting: LHB James Murray
|
0-0: Called Strike 0-1: Grounds into double play, 4-6-3 (Groundball, 4)
|
Bottom of the 8th over - 2 run(s), 3 hit(s), 0 error(s), 0 left on base; Rocky Mountain 8 - Austin 9 |
TOP OF THE 9TH |
Rocky Mountain Nuggets batting - Pitching for Austin Tidal Waves : RHP Owen Henderson
|
Pitching: LHP Han-lee Pak
|
|
Batting: SHB Jim Morris
|
0-0: Called Strike 0-1: Ball 1-1: Called Strike 1-2: Strikes out swinging
|
Batting: RHB Juan Ávila
|
0-0: Ball 1-0: Ball 2-0: Called Strike 2-1: Swinging Strike 2-2: SINGLE (Line Drive, 34D)
|
Batting: RHB Michael Riley
|
0-0: Called Strike 0-1: Ball 1-1: Ball 2-1: Fielders Choice at 2nd, 6-4 (Groundball, 6M)
|
Batting: RHB Paul Smith
|
0-0: Called Strike 0-1: Ball 1-1: Fly out, F8 (Flyball, 8RM)
|
Top of the 9th over - 0 run(s), 1 hit(s), 0 error(s), 1 left on base; Rocky Mountain 8 - Austin 9 |
|